 Dungeon Crawl Stone Soup version 0.31-a0-345-g1ebeae05c6 (webtiles) character file.

Game seed: 1098957906372304593

48 promet the Magician (level 3, 0/23 HPs)
             Began as an Octopode Hedge Wizard on July 22, 2023.
             Slain by a worm (7 damage)
             ... on level 2 of the Dungeon.
             The game lasted 00:09:05 (2586 turns).

promet the Magician (Octopode Hedge Wizard)         Turns: 2586, Time: 00:09:07

Health: 0/23       AC:  1    Str:  9    XL:     3   Next: 72%
Magic:  4/8        EV: 13    Int: 18    God:
Gold:   24         SH:  0    Dex: 11    Spells: 2/9 levels left

rFire   . . .        a - +0 dagger
rCold   . . .        (no shield)
rNeg    . . .        b - +0 hat
rPois   .            (no amulet)
rElec   .            (no ring)
rCorr   .            (no ring)
SInv    .            (no ring)
Will    .....        (no ring)
Stlth   +++          (no ring)
HPRegen 0.23/turn    (no ring)
MPRegen 0.11/turn    (no ring)
                     (no ring)

%: no passive effects
@: very slightly contaminated
A: almost no armour, amphibious, 8 rings, camouflage 1, gelatinous body 1,
(nimble swimmer 1), tentacles
a: no special abilities


You were on level 2 of the Dungeon.
You visited 1 branch of the dungeon, and saw 2 of its levels.

You collected 24 gold pieces.

Inventory:

Hand Weapons
 a - a +0 dagger (weapon)
 g - a +0 spear
Missiles
 d - 6 poisoned darts
 i - 24 stones
Armour
 b - a +0 hat (worn)
Scrolls
 f - a scroll of fog
 k - a scroll of poison
 m - a scroll of identify
Potions
 c - a potion of magic
 e - a potion of lignification
 h - a potion of berserk rage
 j - a potion of haste {unknown}
 l - 3 potions of heal wounds {unknown}


   Skills:
 * Level 1.2 Fighting
 + Level 0.5 Short Blades
 + Level 2.1 Dodging
 + Level 2.9 Stealth
 + Level 3.7 Spellcasting
 + Level 1.4 Conjurations
 + Level 1.0 Summonings
 + Level 1.0 Translocations


You had 2 spell levels left.
You knew the following spells:

 Your Spells              Type           Power      Damage    Failure   Level
a - Magic Dart            Conj           32%        1d4       9%          1
b - Slow                  Hex            12%        N/A       16%         1
c - Blink                 Tloc           12%        N/A       16%         2
d - Call Imp              Summ           14%        N/A       16%         2
e - Foxfire               Conj/Fire      20%        2x1d5     12%         1

Your spell library contained the following spells:

 Spells                   Type           Power      Damage    Failure   Level
 Cigotuvi's Dreadful Rot  Necr/Pois/Air  6%         N/A       22%         2
 Mephitic Cloud           Conj/Pois/Air  5%         N/A       36%         3
 Plasma Beam              Fire/Air       1%         2x1d11    100%        6
 Starburst                Conj/Fire      2%         6d3       100%        6


Dungeon Overview and Level Annotations

Branches:
Dungeon (2/15)

Altars:


Innate Abilities, Weirdness & Mutations

You cannot wear most types of armour.
You are amphibious.
You can wear up to eight rings at the same time.
Your skin changes colour to match your surroundings (Stealth+).
Your rubbery body absorbs attacks. (AC +1, EV +1)
((You are camouflaged when in or above water. (Stealth+)))
You have tentacles for arms and can constrict up to eight enemies at once.


Message History

Found a stone staircase leading up.
There is a stone staircase leading up here.
There is a stone staircase leading up here.
A worm comes into view.
Found a scroll labelled JOON ZIURPH.
The helpless worm fails to defend itself.
You puncture the worm! You grab the worm.
The worm is heavily wounded.
You constrict the worm. The worm bites you!
Ouch! That really hurt!
Casting: Magic Dart (safe; 9% risk of failure)
Confirm with . or Enter, or press ? or * to list all spells.
You conjure some foxfire!
You constrict the worm.
Casting: Foxfire (safe; 12% risk of failure)
Confirm with . or Enter, or press ? or * to list all spells.
Aiming: Magic Dart (safe; 9% risk of failure)
Press: ? - help, Shift-Dir - straight line, f - worm
Aim: a worm (heavily wounded, constricted by you, ally target, 100% to hit)
You miscast Magic Dart.
You are very lightly contaminated with residual magic.
Nothing appears to happen.
You constrict the worm.
The foxfire hits the worm.
The worm is severely wounded.
The worm bites you.
Casting: Magic Dart (safe; 9% risk of failure)
Confirm with . or Enter, or press ? or * to list all spells.
Aiming: Magic Dart (safe; 9% risk of failure)
Press: ? - help, Shift-Dir - straight line, f/p - worm
Aim: a worm (severely wounded, constricted by you, ally target, 100% to hit)
You miscast Magic Dart.
Nothing appears to happen.
You constrict the worm.
You are too injured to fight recklessly!
You are too injured to fight recklessly!
Casting: Magic Dart (safe; 9% risk of failure)
Confirm with . or Enter, or press ? or * to list all spells.
Aiming: Magic Dart (safe; 9% risk of failure)
Press: ? - help, Shift-Dir - straight line, f/p - worm
Aim: a worm (severely wounded, constricted by you, ally target, 100% to hit)
The magic dart hits the worm.
The worm is almost dead.
You constrict the worm. The worm bites you!
You die...

.###. .......#.#
.....###.#
#.....###.#
##.#......##
#####.#.###...##
#.. †..
#.###.########
#.###.# #.#
##.......#
####.#... ..#
####..####.#
.....#.#.#..
#.@v....?..#
###......#.
#w##..####.#
#.##†### #. #.##
#.# .# #. ...
##.##.. .. ####
#...#### #.
#...# .. #...#
#. ##...#####


You could see a worm (ally target).

Vanquished Creatures
  A gnoll (D:2)
  An adder (D:2)
  A dart slug (D:1)
  4 endoplasms
  2 giant cockroaches (D:1)
  2 goblins
  5 hobgoblins
  A kobold (D:2)
  A quokka (D:2)
  4 ball pythons
  A bat (D:1)
  A frilled lizard (D:2)
24 creatures vanquished.

Vanquished Creatures (others)
  8 foxfires (D:2)
8 creatures vanquished.

Grand Total: 32 creatures vanquished

Notes
Turn   | Place    | Note
-------+----------+-------------------------------------------
     0 | D:1      | promet the Octopode Hedge Wizard began the quest for the
                  | Orb.
     0 | D:1      | Reached XP level 1. HP: 11/11 MP: 4/4
   312 | D:1      | Found a faded altar of an unknown god.
   411 | D:1      | Reached XP level 2. HP: 18/18 MP: 3/6
   961 | D:1      | Learned a level 1 spell: Slow
   964 | D:1      | Learned a level 2 spell: Blink
   967 | D:1      | Learned a level 2 spell: Call Imp
  1670 | D:2      | Reached skill level 1 in Fighting
  1875 | D:2      | Reached XP level 3. HP: 6/23 MP: 2/8
  2050 | D:2      | Learned a level 1 spell: Foxfire
  2586 | D:2      | Slain by a worm

Illustrated notes

Levels and vault maps discovered:
D:1:      minmay_arrival_semitransparent, layout_basic, basic_ecumenical_altar,
          amcnicky_mini_pool_small, minmay_tetromino_s2
D:2:      layout_loops_cross, st_stairs_5

Skill      XL: |  1  2 |
---------------+-------+-----
Fighting       | 1 |  1.2
Short Blades   | |  0.5
Dodging        | |  2.1
Stealth        | |  2.9
Spellcasting   | |  3.7
Conjurations   | |  1.4
Summonings     | |  1.0
Translocations | |  1.0

Action                     || total
---------------------------++-------
  Melee: Dagger            ||    29
         Tentacles         ||     6
         Constrict         ||     5
         Punch             ||     1
         Spear             ||     1
   Cast: Magic Dart        ||    45
         Call Imp          ||     1
         Foxfire           ||     7
    Use: Scroll            ||     5
   Stab: Sleeping          ||     4
 Armour: Skin              ||     4
  Dodge: Dodged            ||    16

Table legend: (Time is in decaauts)
 A = Elapsed time spent in this place.
 B = Non-inter-level travel time spent in this place.
 C = Inter-level travel time spent in this place.
 D = Time resting spent in this place.
 E = Time spent auto-exploring this place.
 F = Levels seen in this place.
 G = Mean time per level.
                   A        B        C        D        E       F      G
               +--------+--------+--------+--------+--------+-----+--------+
         Total |   2584 |   2516 |     68 |   1084 |    761 |   2 | 1292.0 |
       Dungeon |   2584 |   2516 |     68 |   1084 |    761 |   2 | 1292.0 |
               +--------+--------+--------+--------+--------+-----+--------+

Top non-repeatable levels by time:
     D:1: 1488 daAuts
     D:2: 1095 daAuts
